 Dungeon Crawl Stone Soup version 0.31-a0-1540-g5a0b83f448 (webtiles) character file.

Game seed: 1774482262931990415

298627 Atlas the Eclecticist (level 20, -1/180 (183) HPs)
             Began as a Naga Fire Elementalist on Jan 2, 2024.
             Was the Champion of Cheibriados.
             Slain by a stone giant (19 damage)
             ... on level 2 of the Depths.
             The game lasted 02:02:40 (49890 turns).

Atlas the Eclecticist (Naga Fire Elementalist)     Turns: 49890, Time: 02:02:41

HP:   -1/180 (183)  AC: 29    Str: 27    XL:     20   Next: 97%
MP:   21/41         EV: 14    Int: 42    God:    Cheibriados [******]
Gold: 1174          SH: 17    Dex: 31    Spells: 4/54 levels left

rFire   + + .        g - +9 staff of Olgreb {rPois∞}
rCold   + + .        q - +2 kite shield {reflect}
rNeg    . . .        G - +4 ring mail of the New World {rElec Int+3}
rPois   ∞            O - +2 helmet of Uderphept {rF+ Int+2 Dex+3}
rElec   +            A - +2 cloak
rCorr   .            L - +0 pair of gloves of Snakes and Ladders {rF+ rC+ Will+}
SInv    +            u - +1 barding {Stlth+}
Will    ++++.        y - amulet of magic regeneration
Stlth   ++++++       U - ring of Baudism {rPois rC+ Will+ Stlth+}
HPRegen 0.50/turn    j - ring of wizardry
MPRegen 0.67/turn

%: reflection, wizardry (x1)
@: flayed, studying Axes, lightly drained, invisible, very slow
A: AC +6, large, see invisible, deformed body, poison resistance, slowness 2,
spit poison 1, naga tail 2
}: 2/15 runes: decaying, serpentine
a: Spit Poison, Renounce Religion, Evoke the Staff of Olgreb, Bend Time,
Temporal Distortion, Slouch, Step From Time


You were on level 2 of the Depths.
You worshipped Cheibriados.
Cheibriados was exalted by your worship.
You visited 8 branches of the dungeon, and saw 36 of its levels.
You also visited: Bailey.

You collected 3275 gold pieces.
You spent 2101 gold pieces at shops.

Inventory:

Hand Weapons
 g - the +9 staff of Olgreb (weapon) {rPois∞}
   (You acquired it on level 7 of the Dungeon)

   Radiate:   It can be activated via the 'a'bility menu to radiate toxic
   energy, with effectiveness depending on Evocations skill.
   Alch:      It enhances your alchemy magic.
   rPois∞: It grants immunity to poison.
Missiles
 B - 10 curare-tipped darts
 R - 7 atropa-tipped darts
Armour
 q - a +2 kite shield of reflection (worn)
 u - a +1 barding of stealth (worn)
 A - a +2 cloak (worn)
 G - the +4 ring mail of the New World (worn) {rElec Int+3}
   (You bought it in a shop on level 2 of the Orcish Mines)

   Int+3:     It affects your intelligence (+3).
   rElec:     It insulates you from electricity.
 L - the +0 pair of gloves of Snakes and Ladders (worn) {rF+ rC+ Will+}
   (You acquired it on level 1 of the Lair of Beasts)

   rF+:       It protects you from fire.
   rC+:       It protects you from cold.
   Will+:     It increases your willpower.
 O - the +2 helmet of Uderphept (worn) {rF+ Int+2 Dex+3}
   (You bought it in a shop on level 1 of the Orcish Mines)

   Int+2:     It affects your intelligence (+2).
   Dex+3:     It affects your dexterity (+3).
   rF+:       It protects you from fire.
Magical Staves
 n - the staff "Naga's Curse" {rF+ rC+ rN+ Int+6 Necro}
   (You found it on level 3 of the Elven Halls)

   [staff of death]

   Base accuracy: +5 Base damage: 5 Base attack delay: 1.2 This weapon's minimum
   attack delay (0.6) is reached at skill level 12.
   Int+6:     It affects your intelligence (+6).
   rF+:       It protects you from fire.
   rC+:       It protects you from cold.
   rN+:       It protects you from negative energy.
   Necro:     It increases the power of your Necromancy spells.
   It falls into the 'Staves' category.
   It is a one-handed weapon.
Jewellery
 c - a ring of willpower
 j - a ring of wizardry (right hand)
 y - an amulet of magic regeneration (around neck)
 E - a ring of flight
 N - a +4 ring of protection
 U - the ring of Baudism (left hand) {rPois rC+ Will+ Stlth+}
   (You took it off a deep elf blademaster on level 3 of the Elven Halls)

   [ring of willpower]

   rC+:       It protects you from cold.
   rPois:     It protects you from poison Will+: It increases your willpower.
   Stlth+:    It makes you more stealthy.
 V - an amulet of regeneration
 W - a ring of magical power
Wands
 b - a wand of digging (5)
 s - a wand of paralysis (43)
 D - a wand of acid (12)
 H - a wand of roots (12)
 T - a wand of mindburst (22)
Scrolls
 h - 6 scrolls of poison
 l - 4 scrolls of amnesia
 o - a scroll of fear
 t - 2 scrolls of enchant armour
 v - 6 scrolls of enchant weapon
 w - 3 scrolls of teleportation
 C - 3 scrolls of silence
 I - 6 scrolls of revelation
 P - 8 scrolls of noise
 S - 2 scrolls of summoning
 X - 7 scrolls of fog
Potions
 a - a potion of ambrosia
 e - 3 potions of cancellation
 f - 6 potions of lignification
 i - a potion of resistance
 k - 6 potions of brilliance
 m - 2 potions of might
 p - 3 potions of invisibility
 r - a potion of magic
 z - 4 potions of berserk rage
 J - 5 potions of curing
 K - 3 potions of attraction
 Q - 4 potions of enlightenment
 Y - 6 potions of mutation
Miscellaneous
 x - a lightning rod (4/4)
 Z - a phantom mirror


   Skills:
 + Level 12.2 Fighting
 + Level 1.1(5.6) Polearms
 + Level 8.8(8.9) Staves
 + Level 0.1 Throwing
 + Level 7.9 Armour
 + Level 8.0 Dodging
 + Level 6.6 Stealth
 + Level 11.4 Shields
 + Level 0.9 Unarmed Combat
 + Level 17.7 Spellcasting
 + Level 11.0 Conjurations
 + Level 8.5 Necromancy
 + Level 0.3 Translocations
 + Level 16.8 Fire Magic
 + Level 1.8 Ice Magic
 + Level 1.6 Air Magic
 + Level 8.5 Earth Magic
 + Level 0.1 Evocations


You had 4 spell levels left.
You knew the following spells:

 Your Spells              Type           Power      Damage    Failure   Level
a - Scorch                Fire           100%       2d9       0%          2
b - Foxfire               Conj/Fire      100%       2x1d9     0%          1
c - Flame Wave            Conj/Fire      100%       2d21      1%          4
d - Ozocubu's Armour      Ice            52%        N/A       1%          3
e - Borgnjor's Vile Clut  Necr/Erth      41%        N/A       1%          5
f - Ignition              Fire           54%        3d15      4%          8
g - Freezing Cloud        Conj/Ice/Air   33%        6-21      2%          5
h - Fire Storm            Conj/Fire      50%        8d13      87%         9
i - Shatter               Erth           41%        3d32*     100%        9
j - Iskenderun's Mystic   Conj/Tloc      71%        2d14      1%          4

Your spell library contained the following spells:

 Spells                   Type           Power      Damage    Failure   Level
 Magic Dart               Conj           100%       1d8       0%          1
 Necrotise                Necr           100%       1d9       1%          1
 Summon Small Mammal      Summ           100%       N/A       1%          1
 Cigotuvi's Dreadful Rot  Necr/Alch/Air  100%       N/A       1%          2
 Ensorcelled Hibernation  Hex/Ice        90%        N/A       1%          2
 Jinxbite                 Hex            74%        N/A       1%          2
 Searing Ray              Conj           100%       2d8       1%          2
 Call Canine Familiar     Summ           37%        N/A       1%          3
 Dazzling Flash           Conj/Hex       100%       N/A       1%          3
 Frozen Ramparts          Ice            100%       1d16      1%          3
 Fugue of the Fallen      Necr           83%        N/A       1%          3
 Gell's Gravitas          Tloc           40%        N/A       1%          3
 Hailstorm                Conj/Ice       75%        3d13      1%          3
 Inner Flame              Hex/Fire       83%        N/A       1%          3
 Mephitic Cloud           Conj/Alch/Air  83%        N/A       1%          3
 Passwall                 Erth           83%        N/A       1%          3
 Stone Arrow              Conj/Erth      100%       3d13      1%          3
 Summon Ice Beast         Ice/Summ       45%        N/A       1%          3
 Swiftness                Air            51%        N/A       1%          3
 Teleport Other           Tloc           40%        N/A       1%          3
 Vampiric Draining        Necr           83%        2d11      1%          3
 Volatile Blastmotes      Fire/Tloc      100%       2d18      1%          3
 Anguish                  Hex/Necr       32%        N/A       1%          4
 Animate Armour           Summ/Erth      100%       N/A       1%          4
 Animate Dead             Necr           83%        N/A       1%          4
 Brom's Barrelling Bould  Conj/Erth      88%        2d10      1%          4
 Fulminant Prism          Conj/Alch      45%        3d21      1%          4
 Ignite Poison            Fire/Alch      100%       N/A       1%          4
 Leda's Liquefaction      Alch/Erth      41%        N/A       1%          4
 Martyr's Knell           Necr/Summ      64%        N/A       1%          4
 Petrify                  Alch/Erth      83%        N/A       1%          4
 Sticky Flame             Fire/Alch      100%       2d15      1%          4
 Summon Blazeheart Golem  Fire/Summ      83%        N/A       1%          4
 Manifold Assault         Tloc           40%        N/A       5%          4
 Curse of Agony           Necr           83%        N/A       1%          5
 Starburst                Conj/Fire      50%        6d14      1%          6
 Death Channel            Necr           41%        N/A       2%          6
 Conjure Ball Lightning   Conj/Air       37%        3x3d12    7%          6
 Metabolic Englaciation   Hex/Ice        22%        N/A       12%         5
 Silence                  Hex/Air        22%        N/A       12%         5
 Summon Forest            Summ/Tloc      19%        N/A       16%         5
 Summon Mana Viper        Hex/Summ       37%        N/A       16%         5
 Yara's Violent Unravell  Hex/Alch       27%        3d12      16%         5
 Sculpt Simulacrum        Ice/Alch       30%        N/A       52%         6
 Lehudib's Crystal Spear  Conj/Erth      44%        10d11     56%         8
 Dispersal                Tloc           20%        N/A       58%         6
 Summon Cactus Giant      Summ           18%        N/A       65%         6
 Enfeeble                 Hex            18%        N/A       99%         7
 Discord                  Hex            18%        N/A       100%        8
 Disjunction              Tloc           20%        N/A       100%        8
 Chain Lightning          Conj/Air       37%        3d49      100%        9
 Death's Door             Necr           41%        N/A       100%        9


Dungeon Overview and Level Annotations

Branches:
Dungeon (15/15)            Temple (1/1) D:4            Lair (5/5) D:10
  Swamp (4/4) Lair:3        Snake (4/4) Lair:2        Slime (0/5) Lair:4
    Orc (2/2) D:11            Elf (3/3) Orc:2        Vaults (0/5) D:14
 Depths (2/4) D:15         Bailey (visited)

Altars:
Ashenzari
Cheibriados
Dithmenos
Elyvilon
Fedhas
Gozag
Hepliaklqana
Kikubaaqudgha
Makhleb
Nemelex Xobeh
Okawaru
Qazlal
Ru
Sif Muna
Trog
Uskayaw
Vehumet
Wu Jian
Xom
Yredelemnul
Zin
The Shining One
Jiyva

Shops:
D:6 !   Orc:1 [=   Orc:2 ([*=   Elf:1 [   Elf:2 !   Snake:1 =::   Snake:3 (

Portals:
Hell: Depths:1
Trove: Elf:2 (show abyssal rune of Zot)

Annotations:
D:10 2 transporters
Orc:2 2 runed translucent doors, ChongLi's ghost, journeyman VSFi
Elf:2 8 runed translucent doors


Innate Abilities, Weirdness & Mutations

Your serpentine skin is tough. (AC +6)
You have supernaturally acute eyesight. (SInv)
Armour fits poorly on your strangely shaped body.
Your system is resistant to poisons. (rPois)
You cover ground very slowly.
You can spit poison.
You can use your snake-like lower body to constrict enemies.


Message History

The vampire mage casts a spell.
The frost giant casts a spell at you. The bolt of cold hits you! You resist.
The fire giant hits you with a +1 great sword of flaming.
The fire giant burns you.
The zombie hands constrict the frost giant!!
You kill the frost giant!
Cheibriados appreciates the change of pace.
The vampire mage points at you and mumbles some strange words.
The bolt of negative energy hits the laughing skull.
The laughing skull completely resists.
The bolt of negative energy hits you!
You feel drained.
* * * LOW HITPOINT WARNING * * *
The fire giant misses you.
The vampire mage gestures wildly while chanting.
The laughing skull headbutts you but does no damage.
You block the laughing skull's attack. You block the fire giant's attack.
The flayed ghost cries, "Feel what I felt!"
Terrible wounds open up all over your body!
* * * LOW HITPOINT WARNING * * *
The fire giant hits you but does no damage.
The flayed ghost cries, "Feel what I felt!"
Terrible wounds spread across more of your body!
* * * LOW HITPOINT WARNING * * *
The shadow wraith misses you.
The fire giant hits you with a +1 great sword of flaming!
* * * LOW HITPOINT WARNING * * *
The stone giant barely misses you.
There is a stone staircase leading up, spattered with blood here.
Unknown command.
Unknown command.
Okay, then.
Unknown command.
Okay, then.
Unknown command.
You fade into invisibility!
The vampire mage gestures wildly while chanting.
The vampire mage flickers and vanishes for a moment.
You block the shadow wraith's attack. The fire giant misses you.
The stone giant hits you!!
You die...

.).# ...
#.^##########.
...#.........
#..#.........
#..#.≈≈≈≈....
#.)#....≈....
#...Cz≈≈≈....
#..#C@.......
#...W..!.....
#.V#Q........
#.[.#.........
#V.##.........
#Wz.
.....)....
....#
..........
....
...........


You could see a fire giant, a stone giant (unable to see you), a jiangshi
(summoned, unable to see you), a flayed ghost (summoned, unable to see you), a
tengu warrior (unable to see you), a vampire mage (invisible), a shadow wraith
(summoned, invisible) and a laughing skull (summoned, unable to see you).

Vanquished Creatures
  the Lernaean hydra (Swamp:4)
  Vashnia (Snake:4)
  Saint Roka (Snake:2)
  Nikola (Snake:1)
  the Enchantress (D:15)
  A hellephant (Depths:1)
  A walking crystal tome (Depths:1)
  2 tentacled monstrosities
  3 deep elf blademasters (Elf:3)
  2 liches (Depths:1)
  3 deep elf master archers (Elf:3)
  Kirke (Swamp:3)
  A storm dragon (Depths:1)
  2 thorn hunters
  Aizul (Snake:1)
  6 nagarajas
  Roxanne (Snake:3)
  Donald (Swamp:3)
  2 fire giants (Depths:1)
  Louise (Swamp:3)
  4 deep elf sorcerers (Elf:3)
  4 frost giants
  6 deep elf elementalists (Elf:3)
  An orc warlord (Orc:2)
  3 spriggan defenders (Depths:1)
  A very ugly thing (Depths:1)
  2 stone giants (Depths:1)
  A deep elf demonologist (Elf:3)
  6 deep elf death magi (Elf:3)
  A vampire knight (D:15)
  5 deep elf annihilators
  2 eleionomae (Swamp:4)
  A spark wasp (Depths:1)
  Azrael (D:14)
  A dire elephant (Lair:5)
  8 bunyips
  3 ettins
  Josephine (D:12)
  A fire dragon (Depths:1)
  3 deep elf high priests (Elf:3)
  A shambling mangrove (Swamp:3)
  Harold (Orc:1)
  An ice dragon (Depths:1)
  Erolcha (D:13)
  17 hydras
  2 ogre magi
  2 salamander tyrants (Snake:4)
  4 spriggan air magi (Depths:1)
  9 alligators
  A merfolk avatar (Lair:5)
  3 ghost crabs
  A centaur warrior (D:14)
  A death knight (D:13)
  5 boulder beetles
  5 catoblepae
  10 two-headed ogres
  16 anacondas
  10 dancing weapons
  3 tengu warriors
  A death yak (D:12)
  15 naga warriors
  3 deep troll earth magi
  2 deep troll shamans
  4 hell hogs (Depths:1)
  A vampire mage (D:15)
  Urug (D:13)
  4 orc high priests
  19 naga sharpshooters
  10 shock serpents
  6 skysharks
  12 deep elf knights
  6 salamander mystics
  A skeletal warrior (D:13)
  8 goliath frogs
  An iron troll (D:15)
  7 sea snakes
  2 spriggan druids (Swamp:1)
  6 deep trolls
  12 swamp dragons
  12 naga ritualists
  4 bog bodies
  A phantasmal warrior (D:13)
  A swamp dragon (shapeshifter) (D:15)
  6 orc knights
  A harpy (Lair:5)
  11 deep elf archers
  18 deep elf pyromancers
  14 ugly things
  Maurice (D:8)
  13 deep elf zephyrmancers
  12 mana vipers
  7 orc sorcerers
  7 cyclopes
  6 manticores
  7 elephants
  5 will-o-the-wisps
  14 salamanders
  5 guardian serpents
  3 meliai (D:15)
  45 black mambas
  A kobold blastminer (Orc:2)
  10 naga magi
  9 cane toads
  2 gargoyles
  4 molten gargoyles (Elf:2)
  2 unseen horrors
  4 freezing wraiths
  3 rime drakes
  9 komodo dragons
  A kobold demonologist (D:12)
  Psyche (D:8)
  3 tengu conjurers
  9 hornets
  2 bloated husks (Swamp:4)
  7 polar bears
  4 trolls
  10 tyrant leeches
  A wolf spider simulacrum (D:15)
  4 blink frogs (Lair:1)
  5 dream sheep (Lair:3)
  A glass eye (Depths:1)
  4 slime creatures (D:14)
  3 air elementals
  5 centaur simulacra
  A vampire (D:11)
  2 shadows
  6 wraiths
  9 spriggans
  8 wyverns
  43 yaks
  11 water elementals
  4 hogs (Swamp:3)
  A redback simulacrum (D:15)
  2 steam dragons
  3 wargs
  8 fire elementals
  Grum (D:8)
  5 basilisks
  10 vampire mosquitoes
  An acid dragon (D:14)
  14 swamp worms
  40 nagas
  A hell hound (D:13)
  11 water moccasins
  6 swamp drakes (Swamp:4)
  7 ice beasts
  44 orc warriors
  2 sky beasts
  4 black bears
  A meliai simulacrum (D:12)
  10 ogres
  4 boggarts (D:15)
  8 centaurs
  17 wolves
  6 kobold brigands
  A phantom (D:6)
  12 bullfrogs
  4 gnoll sergeants
  6 scorpions
  3 earth elementals
  30 wights
  4 killer bees (D:10)
  7 howler monkeys
  5 electric eels
  6 hounds
  A lava snake (Elf:2)
  31 orc priests
  2 gnoll boudas
  2 iguanas
  12 jellies
  30 orc wizards
  16 gnolls
  6 adders
  2 shadow imps
  9 white imps
  7 ufetubi
  5 dart slugs
  A ribbon worm (D:2)
  98 orcs
  3 endoplasms
  5 giant cockroaches
  4 goblins
  16 hobgoblins
  28 kobolds
  3 quokkas
  3 ball pythons
  2 bats
  4 frilled lizards
  12 rats
  A butterfly (Swamp:4)
1270 creatures vanquished.

Vanquished Creatures (collateral kills)
  31 foxfires
31 creatures vanquished.

Vanquished Creatures (others)
  A naga mage (Snake:3)
  2 bloated husks
  An ogre (Elf:3)
  3745 foxfires
3749 creatures vanquished.

Grand Total: 5050 creatures vanquished

Notes
Turn   | Place    | Note
-------+----------+-------------------------------------------
     0 | D:1      | Atlas the Naga Fire Elementalist began the quest for the
                  | Orb.
     0 | D:1      | Reached XP level 1. HP: 15/15 MP: 3/3
   345 | D:1      | Reached XP level 2. HP: 22/22 MP: 0/5
   544 | D:1      | Learned a level 2 spell: Scorch
   773 | D:1      | Reached XP level 3. HP: 26/28 MP: 0/6
  1167 | D:2      | HP: 1/28 [ribbon worm (7)]
  1532 | D:2      | Reached XP level 4. HP: 36/36 MP: 0/7
  2458 | D:3      | Found a shimmering blue altar of Sif Muna.
  2507 | D:3      | Reached skill level 3 in Spellcasting
  2600 | D:3      | Paralysed by a kobold for 5 turns
  3071 | D:3      | Found a faded altar of an unknown god.
  3537 | D:4      | Found a staircase to the Ecumenical Temple.
  3545 | Temple   | Entered the Ecumenical Temple
  3595 | Temple   | Became a worshipper of Cheibriados the Contemplative
  3730 | D:4      | Noticed an ogre
  3736 | D:4      | Killed an ogre
  3737 | D:4      | Reached XP level 5. HP: 42/42 MP: 2/10
  4053 | D:4      | Noticed an ogre
  4058 | D:4      | Killed an ogre
  4059 | D:4      | Reached skill level 5 in Fire Magic
  4059 | D:4      | Reached XP level 6. HP: 49/49 MP: 4/11
  4245 | D:5      | Entered Level 5 of the Dungeon
  4409 | D:5      | Noticed a water moccasin
  4414 | D:5      | Killed a water moccasin
  4415 | D:5      | Reached skill level 1 in Armour
  4415 | D:5      | Reached skill level 4 in Spellcasting
  4415 | D:5      | Reached XP level 7. HP: 50/55 MP: 3/13
  4817 | D:5      | Reached * piety under Cheibriados
  5048 | D:5      | Reached skill level 5 in Spellcasting
  5048 | D:5      | Reached XP level 8. HP: 63/63 MP: 7/15
  5078 | D:5      | Identified the +2 leather armour "Kafoaj" {rN+}
  5905 | D:6      | Found Eqigu's Distillery.
  5940 | D:6      | Bought a potion of curing for 45 gold pieces
  5940 | D:6      | Bought a potion of heal wounds for 75 gold pieces
  6085 | D:6      | Found a basalt altar of Yredelemnul.
  6087 | D:6      | Found a sparkling altar of Nemelex Xobeh.
  6150 | D:6      | Reached ** piety under Cheibriados
  6552 | D:6      | Reached skill level 6 in Spellcasting
  6552 | D:6      | Reached XP level 9. HP: 69/69 MP: 13/18
  6970 | D:6      | Reached *** piety under Cheibriados
  7059 | D:6      | Reached skill level 1 in Polearms
  7324 | D:6      | Reached skill level 1 in Fighting
  7498 | D:6      | Found an opulent altar of Gozag.
  7524 | D:6      | Found a stormy altar of Qazlal.
  7524 | D:6      | Found a shimmering altar of Xom.
  7524 | D:6      | Found a broken altar of Ashenzari.
  7531 | D:6      | Found a bloodstained altar of Trog.
  7533 | D:6      | Found a hide-covered altar of Uskayaw.
  7535 | D:6      | Found a radiant altar of Vehumet.
  7751 | D:7      | Identified 2 scrolls of acquirement
  7756 | D:7      | Acquired the +9 staff of Olgreb {rPois∞}
  7756 | D:7      | Found the +9 staff of Olgreb {rPois∞}
  7764 | D:7      | Learned a level 4 spell: Flame Wave
  7764 | D:7      | Acquired a book of Annihilations
  7917 | D:7      | Identified the +2 orcbow of Eternal War {antimagic, rPois}
  7935 | D:7      | Reached skill level 7 in Spellcasting
  7935 | D:7      | Reached **** piety under Cheibriados
  7986 | D:7      | Found a flagged portal.
  8002 | Bailey   | Entered a bailey
  8175 | Bailey   | Reached XP level 10. HP: 56/78 MP: 9/21
  8552 | Bailey   | Reached skill level 8 in Spellcasting
  8654 | Bailey   | Learned a level 3 spell: Ozocubu's Armour
  8657 | Bailey   | Noticed an orc knight
  8992 | Bailey   | Killed an orc knight
  9147 | D:7      | Reached skill level 10 in Fighting
  9147 | D:7      | Reached XP level 11. HP: 108/108 MP: 23/23
  9258 | D:7      | Reached ***** piety under Cheibriados
  9624 | D:8      | Noticed Psyche
  9628 | D:8      | Killed Psyche
  9630 | D:8      | Noticed Grum
  9639 | D:8      | Killed Grum
  9792 | D:8      | Noticed Maurice
  9799 | D:8      | Killed Maurice
  9886 | D:8      | Reached skill level 1 in Staves
 10046 | D:8      | Found a hazy altar of Hepliaklqana.
 10171 | D:8      | Reached skill level 10 in Fire Magic
 10344 | D:8      | Reached skill level 1 in Shields
 10350 | D:8      | Reached skill level 9 in Spellcasting
 11102 | D:9      | Found a blossoming altar of Fedhas.
 11773 | D:9      | Noticed a two-headed ogre
 11778 | D:9      | Reached skill level 5 in Stealth
 11780 | D:9      | Killed a two-headed ogre
 11781 | D:9      | Reached XP level 12. HP: 88/116 MP: 12/25
 12083 | D:10     | Entered Level 10 of the Dungeon
 12175 | D:10     | Noticed a two-headed ogre
 12178 | D:10     | Killed a two-headed ogre
 12261 | D:10     | Reached ****** piety under Cheibriados
 12412 | D:10     | Found a transporter.
 12453 | D:10     | Reached skill level 10 in Spellcasting
 12631 | D:10     | Found a glowing silver altar of Zin.
 12655 | D:10     | Found a staircase to the Lair.
 12843 | D:10     | Found a transporter.
 12874 | D:10     | Found a transporter.
 12894 | D:10     | Noticed a two-headed ogre
 12900 | D:10     | Killed a two-headed ogre
 12972 | D:10     | Found a transporter.
 13726 | D:11     | Found a staircase to the Orcish Mines.
 14550 | D:12     | Noticed a boulder beetle
 14581 | D:12     | Killed a boulder beetle
 14728 | D:12     | Noticed Josephine
 14741 | D:12     | Killed Josephine
 14742 | D:12     | Reached skill level 5 in Conjurations
 14742 | D:12     | Gained mutation: You can use your snake-like lower body to
                  | constrict enemies. [Naga growth]
 14742 | D:12     | Reached XP level 13. HP: 41/121 MP: 0/27
 14893 | D:12     | Reached skill level 11 in Spellcasting
 16433 | D:13     | Noticed Urug
 16439 | D:13     | Killed Urug
 17295 | D:13     | Reached skill level 12 in Spellcasting
 17594 | D:13     | Noticed Erolcha
 17603 | D:13     | Killed Erolcha
 18402 | Lair:1   | Entered Level 1 of the Lair of Beasts
 18523 | Lair:1   | Reached XP level 14. HP: 133/133 MP: 19/30
 19011 | Lair:1   | Acquired the +0 pair of gloves of Snakes and Ladders {rF+
                  | rC+ Will+}
 19389 | Lair:2   | Reached skill level 5 in Shields
 19763 | Lair:2   | Found a staircase to the Snake Pit.
 20260 | Lair:2   | Learned a level 5 spell: Borgnjor's Vile Clutch
 20919 | Lair:3   | You fall into a shaft and drop 2 floors!
 20919 | Lair:5   | Entered Level 5 of the Lair of Beasts
 20958 | Lair:5   | Reached skill level 1 in Earth Magic
 21005 | Lair:5   | Reached skill level 1 in Necromancy
 21023 | Lair:5   | Noticed a dire elephant
 21587 | Lair:4   | Reached skill level 13 in Spellcasting
 22172 | Lair:4   | Found a staircase to the Slime Pits.
 22172 | Lair:4   | Found a viscous altar of Jiyva.
 22568 | Lair:3   | Reached XP level 15. HP: 137/140 MP: 16/32
 23172 | Lair:3   | Found a staircase to the Swamp.
 24099 | Lair:5   | Reached skill level 5 in Dodging
 24524 | Lair:5   | Learned a level 8 spell: Ignition
 24704 | Orc:1    | Entered Level 1 of the Orcish Mines
 24908 | Orc:2    | Entered Level 2 of the Orcish Mines
 24984 | Orc:2    | Found a staircase to the Elven Halls.
 24993 | Orc:1    | Found Tettaunoe's Armour Shoppe.
 24993 | Orc:1    | Found Qir Sorch's Jewellery Shop.
 25008 | Orc:1    | Noticed Harold
 25020 | Orc:1    | Killed Harold
 26923 | Orc:2    | Noticed an orc warlord
 26942 | Orc:2    | Killed an orc warlord
 27095 | Orc:2    | Found Cuosy's General Store.
 27096 | Orc:2    | Found Titir's Jewellery Boutique.
 27098 | Orc:2    | Found Xesoug's Antique Armour Shop.
 27098 | Orc:2    | Found Biotzic's Antique Weapon Shop.
 27123 | Orc:2    | Bought a steaming ring mail for 252 gold pieces
 27123 | Orc:2    | Identified the +4 ring mail of the New World {rElec Int+3}
                  | (You bought it in a shop on level 2 of the Orcish Mines)
 27123 | Orc:2    | Bought a distressingly furry ring mail for 252 gold pieces
 27123 | Orc:2    | Identified the +0 ring mail of the Poles {Int+4} (You
                  | bought it in a shop on level 2 of the Orcish Mines)
 27196 | Orc:2    | Found a large runed translucent door.
 27197 | Orc:2    | Found a large runed translucent door.
 27199 | Orc:2    | Noticed ChongLi's ghost (journeyman VSFi)
 27480 | Orc:1    | Bought the +2 helmet of Uderphept {rF+ Int+2 Dex+3} for 585
                  | gold pieces
 27494 | Orc:1    | Bought an amulet of magic regeneration for 450 gold pieces
 27616 | D:14     | Found a gate to the Vaults.
 27622 | D:14     | Noticed Azrael
 27630 | D:13     | Learned a level 5 spell: Freezing Cloud
 27775 | D:14     | Reached skill level 5 in Necromancy
 27780 | D:14     | Killed Azrael
 28317 | D:15     | Entered Level 15 of the Dungeon
 28386 | D:15     | Found a white marble altar of Elyvilon.
 28787 | D:15     | Reached XP level 16. HP: 148/148 MP: 18/33
 29098 | D:15     | Reached skill level 5 in Staves
 29108 | D:15     | Reached skill level 5 in Armour
 29265 | D:15     | Reached skill level 14 in Spellcasting
 29857 | D:15     | Reached skill level 5 in Earth Magic
 29950 | D:15     | Found a staircase to the Depths.
 30175 | Swamp:1  | Entered Level 1 of the Swamp
 30524 | Swamp:1  | Identified the +8 quarterstaff of Righteous Anger {venom,
                  | Int+4}
 31922 | Swamp:2  | Reached skill level 1 in Air Magic
 31991 | Swamp:2  | HP: 7/150 [six-headed hydra (10)]
 32282 | Swamp:2  | Noticed a thorn hunter
 32293 | Swamp:2  | Killed a thorn hunter
 32526 | Swamp:2  | Noticed a tentacled monstrosity
 32538 | Swamp:2  | Killed a tentacled monstrosity
 32807 | Swamp:3  | Noticed Donald
 32807 | Swamp:3  | Noticed a thorn hunter
 32826 | Swamp:3  | Noticed Kirke
 32834 | Swamp:3  | Noticed a tentacled monstrosity
 32839 | Swamp:3  | Killed Kirke
 33256 | Swamp:3  | Killed a tentacled monstrosity
 33291 | Swamp:3  | Noticed Louise
 33292 | Swamp:3  | Reached XP level 17. HP: 157/157 MP: 9/35
 33315 | Swamp:3  | Killed Louise
 33783 | Swamp:3  | Killed Donald
 34222 | Swamp:4  | Entered Level 4 of the Swamp
 34231 | Swamp:4  | Reached skill level 15 in Fire Magic
 34486 | Swamp:4  | Reached skill level 15 in Spellcasting
 34929 | Swamp:4  | Noticed the 27-headed Lernaean hydra
 35035 | Swamp:4  | Killed the 27-headed Lernaean hydra
 35134 | Swamp:4  | Reached skill level 1 in Ice Magic
 35690 | Swamp:4  | Got a decaying rune of Zot
 35949 | Snake:1  | Entered Level 1 of the Snake Pit
 36083 | Snake:1  | Identified the serpent talisman of the Candlemaker
                  | {*Corrode Fly rC+ Int+2}
 36083 | Snake:1  | Noticed Aizul
 36092 | Snake:1  | Killed Aizul
 36209 | Snake:1  | Noticed Nikola
 36225 | Snake:1  | Killed Nikola
 36585 | Snake:1  | Found Heleu's Jewellery Emporium.
 36585 | Snake:1  | Found Zofym's Book Boutique.
 36586 | Snake:1  | Found Feteuze's Book Boutique.
 37191 | Snake:2  | Reached XP level 18. HP: 155/165 MP: 16/37
 37204 | Snake:2  | Reached skill level 10 in Conjurations
 37388 | Snake:2  | Noticed Saint Roka
 37542 | Snake:2  | Killed Saint Roka
 38239 | Snake:3  | Identified the granite talisman "Mouffu Lagi" {Will++
                  | Str+2}
 38239 | Snake:3  | Noticed Roxanne
 38294 | Snake:3  | Killed Roxanne
 38300 | Snake:3  | Reached skill level 16 in Spellcasting
 39502 | Snake:3  | Found Nenui's Weapon Boutique.
 39736 | Snake:4  | Entered Level 4 of the Snake Pit
 40065 | Snake:4  | Learned a level 9 spell: Fire Storm
 40441 | Snake:4  | Reached XP level 19. HP: 172/172 MP: 27/39
 40606 | Snake:4  | Noticed Vashnia
 40612 | Snake:4  | Killed Vashnia
 40644 | Snake:4  | Reached skill level 10 in Shields
 41282 | Snake:4  | Got a serpentine rune of Zot
 41651 | Elf:1    | Entered Level 1 of the Elven Halls
 41893 | Elf:1    | Paralysed by an air elemental for 1 turns
 41986 | Elf:1    | Got Dogisham's Atlas of Attacks
 42091 | Elf:1    | Paralysed by an air elemental for 1 turns
 42121 | Elf:1    | Found Viteuk's Armour Boutique.
 42715 | Elf:2    | Found a runed translucent gate.
 42715 | Elf:2    | Found a runed translucent gate.
 42715 | Elf:2    | Found a runed translucent gate.
 42718 | Elf:2    | Noticed a tentacled monstrosity
 42719 | Elf:2    | Noticed a tentacled monstrosity
 42720 | Elf:2    | Noticed a tentacled monstrosity
 43135 | Elf:2    | Found Tyico Zya's Distillery.
 43140 | Elf:2    | Bought 2 potions of heal wounds for 130 gold pieces
 43140 | Elf:2    | Bought a potion of curing for 39 gold pieces
 43140 | Elf:2    | Bought a potion of heal wounds for 65 gold pieces
 43140 | Elf:2    | Bought a potion of ambrosia for 104 gold pieces
 43140 | Elf:2    | Bought a potion of mutation for 104 gold pieces
 43340 | Elf:2    | Found a huge runed translucent gate.
 43340 | Elf:2    | Found a huge runed translucent gate.
 43340 | Elf:2    | Found a huge runed translucent gate.
 43340 | Elf:2    | Found a huge runed translucent gate.
 43345 | Elf:2    | Found a huge runed translucent gate.
 43504 | Elf:2    | Found a portal to a secret trove of treasure.
 43760 | Elf:3    | Entered Level 3 of the Elven Halls
 44440 | Elf:3    | Paralysed by an air elemental for 1 turns
 44626 | Elf:3    | Reached XP level 20. HP: 139/182 MP: 14/40
 44629 | Elf:3    | Reached skill level 17 in Spellcasting
 45200 | Elf:3    | Identified the ring of Baudism {rPois rC+ Will+ Stlth+}
 45328 | Elf:3    | Identified the +3 short sword of Iteegh {freeze, rF-
                  | Will+++ rCorr Str+5}
 45371 | Elf:3    | Identified the +8 falchion "Kairabiy" {holy, Str+2 Int+3}
 45371 | Elf:3    | Identified the +3 buckler "Moidogre" {Rampage}
 45734 | Elf:3    | Found the +3 pair of gauntlets of War {Slay+5}
 45737 | Elf:3    | Identified the +2 battleaxe of Lust {elec, ^Drain Dex+5}
 45757 | Elf:3    | Got Sif Muna's Collected Works on Icy Nightshade
 45775 | Elf:3    | Identified the staff of Qoged {Str+5 Earth}
 45776 | Elf:3    | Identified the staff "Gouxox" {rPois rCorr Dex+3 Alchemy}
 45812 | Elf:3    | Identified the staff "Naga's Curse" {rF+ rC+ rN+ Int+6
                  | Necro}
 46570 | Depths:1 | Entered Level 1 of the Depths
 46625 | Depths:1 | Noticed the Enchantress
 46648 | D:15     | Killed the Enchantress
 46852 | Depths:1 | Noticed a hellephant
 46896 | Depths:1 | Killed a hellephant
 47025 | Depths:1 | Learned a level 9 spell: Shatter
 47477 | D:15     | Learned a level 4 spell: Iskenderun's Mystic Blast
 48340 | Depths:1 | Found a gateway to Hell.
 49890 | Depths:2 | Slain by a stone giant

Illustrated notes

Levels and vault maps discovered:
D:1:      minmay_arrival_nine_rooms, layout_basic, st_stairs_2
D:2:      layout_basic, minmay_tromino_v4_c
D:3:      layout_basic, nicolae_overflow_crystal_walls,
          hellmonk_ecumenical_altar_blasted, minmay_misc_feat_encased
D:4:      layout_basic, minmay_temple_entry_junction
D:5:      layout_loops_ring, kennysheep_generic_room_4
D:6:      kennysheep_housing_project, layout_cave_pools, minitemple,
          serial_shops, nicolae_square_shop, lexackson_kobold_supper
D:7:      layout_rooms, enter_bailey_7
D:8:      nicolae_cairo_tiling_large, layout_loops_ring,
          mainiacjoe_overflow_surrounded_room, uniq_grum, uniq_psyche,
          uniq_maurice
D:9:      layout_small_grid, mainiacjoe_overflow_small_starburst
D:10:     layout_roguey, mainiacjoe_overflow_alcove_2, minmay_lair_entry_grove,
          nicolae_diode_intersection
D:11:     layout_loops_cross, david_orc_5
D:12:     layout_roguey, serial_ice, serial_ice_f, serial_ice_b, serial_ice_o,
          serial_ice_e, serial_ice_i, serial_ice_g, serial_ice_d, serial_ice_m,
          nicolae_letterblocks [nicolae_letter_subblock,
          nicolae_letter_subblock, nicolae_letter_subblock,
          nicolae_letter_subblock, nicolae_letter_subblock,
          nicolae_letter_subblock, nicolae_letter_subblock,
          nicolae_letter_subblock, nicolae_letter_subblock,
          nicolae_letter_subblock, nicolae_letter_subblock,
          nicolae_letter_subblock, nicolae_letter_subblock,
          nicolae_letter_subblock, nicolae_letter_subblock,
          nicolae_letter_subblock, nicolae_letter_subblock,
          nicolae_letter_subblock, nicolae_letter_subblock,
          nicolae_letter_subblock, nicolae_letter_subblock,
          nicolae_letter_subblock, nicolae_letter_subblock,
          nicolae_letter_subblock, nicolae_letter_subblock], uniq_josephine
D:13:     layout_gridville, chequers_garden, uniq_urug, uniq_erolcha
D:14:     layout_cave_pools, david_vaults_2, nicolae_twisty_statue_hallways,
          small_statue_alley_a, kennysheep_generic_room_8, uniq_azrael
D:15:     hellmonk_depths_entry_around_the_bend, layout_irregular_city,
          serial_ice, serial_ice_g, serial_ice_n, serial_ice_b, serial_ice_j,
          elyvilon_altar_5
Temple:   kb_temple_of_zot
Lair:1:   layout_hall_layers
Lair:2:   layout_hall_layers, minmay_snake_entry_guardpost_small, st_stairs_9,
          serial_bayou_shore_b, serial_bayou_shore_b
Lair:3:   layout_roguey, minmay_swamp_entry_worms
Lair:4:   layout_roguey, minmay_slime_entry_jelly_boxes
Lair:5:   gammafunk_lair_ancient_temple, layout_regular_city
Swamp:1:  layout_basic_swamp, evilmike_swamp_ruin_house_1, swamp_pool_4,
          hangedman_swamp_lotus, nicolae_swamp_little_tower
Swamp:2:  layout_falls_marsh, evilmike_swamp_ruin_house_5
Swamp:3:  layout_falls_marsh, serial_swamp_ruin, evilmike_swamp_ruin_house_4,
          evilmike_swamp_ruin_house_2, evilmike_swamp_ruin_house_6, uniq_donald,
          uniq_louise, uniq_kirke
Swamp:4:  swamp_old_school, layout_basic_swamp, swamp_pool_3,
          nicolae_swamp_frolicking_bunyips
Snake:1:  layout_cave_pods, hangedman_snake_wide_pillar_pass,
          serial_bayou_lagoon_b, minmay_shop_grove, uniq_aizul, uniq_nikola
Snake:2:  layout_misc_corridors, special_room, uniq_saint_roka
Snake:3:  layout_honeycomb, serial_shops, nicolae_shop_stone, uniq_roxanne
Snake:4:  johnstein_snake_rune_scales, layout_basic, nicolae_snake_shapes
Orc:1:    layout_diamond_mine, serial_shops, nicolae_shop_trees, shop, shop,
          shop, uniq_harold
Orc:2:    st_orc_congregation, layout_caves, ebering_ghost_disaster_area
Elf:1:    layout_geoelf_grid, serial_shops, nicolae_shop_back_alley_shop,
          minmay_elf_annihilation, serial_library_hellmonk_open_square
Elf:2:    elven_hall_of_blades_hangedman_alternative [grunt_blade_entry_basic],
          layout_gridlike, serial_shops, nicolae_shop_hallway_plus,
          nicolae_trove_entry_isolated,
          ploomutoo_gammafunk_ghost_potion_laboratory, minivault_8
Elf:3:    minmay_elf_hall_statues, layout_onion_city
Depths:1: layout_cave_pools, grunt_hell_horde, st_stairs_5, minmay_evil_grid,
          uniq_enchantress
Depths:2: grunt_x_marks_the_spot, layout_long_grid, grunt_hell_entry_dis_old,
          rand_demon_pan_entry_9, minmay_parallelograms, abyss_entry,
          chequers_serial_rivers_micro_d

Skill      XL: |  1  2  3  4  5  6  7  8  9 10 11 12 13 14 15 16 17 18 19 20 |
---------------+-------------------------------------------------------------+-----
Fire Magic     | 4 5 6 7 9 10 11 12 13 14 15 16 | 16.8
Spellcasting   | 3 4 5 6 7 8 9 10 12 13 14 15 16 17 | 17.7
Armour         | 1 2 3 4 5 6 7 |  7.9
Stealth        | 4 5 6 |  6.6
Conjurations   | 2 3 4 5 6 7 8 9 10 11 | 11.0
Dodging        | 2 3 4 5 6 7 8 |  8.0
Polearms       | 1 |  1.1
Fighting       | 1 10 11 12 | 12.2
Staves         | 1 3 4 5 6 7 8 |  8.8
Shields        | 1 3 4 5 6 7 8 9 10 11 | 11.4
Earth Magic    | 3 4 5 6 7 8 |  8.5
Necromancy     | 2 5 6 7 8 |  8.5
Air Magic      | 1 |  1.6
Ice Magic      | 1 |  1.8
Throwing       | |  0.1
Unarmed Combat | |  0.9
Translocations | |  0.3
Evocations     | |  0.1

Action                     |  1- 3 |  4- 6 |  7- 9 | 10-12 | 13-15 | 16-18 | 19-21 || total
---------------------------+-------+-------+-------+-------+-------+-------+-------++-------
  Melee: Unarmed           |    29 |     2 |     5 |       |       |       |       ||    36
         Trident           |       |       |    36 |       |       |       |       ||    36
         Staff             |       |       |     4 |   123 |   395 |   637 |   650 ||  1809
         Punch             |       |       |     2 |       |       |       |       ||     2
         Constrict         |       |       |       |       |    87 |   106 |    95 ||   288
  Throw: Dart              |       |       |       |       |       |       |     3 ||     3
   Cast: Foxfire           |    56 |    43 |   165 |   128 |   943 |   685 |   130 ||  2150
         Scorch            |     8 |    26 |    76 |   159 |   207 |    64 |     7 ||   547
         Flame Wave        |       |       |     1 |    21 |    39 |    15 |       ||    76
         Ozocubu's Armour  |       |       |       |     1 |       |     1 |       ||     2
         Borgnjor's Vile C |       |       |       |       |     9 |    69 |   144 ||   222
         Freezing Cloud    |       |       |       |       |     7 |    19 |    10 ||    36
         Ignition          |       |       |       |       |     5 |    25 |    30 ||    60
         Iskenderun's Myst |       |       |       |       |       |       |    16 ||    16
Ability: Spit Poison       |     3 |       |     5 |     3 |       |       |       ||    11
         Evoke the Staff o |       |       |       |     6 |     2 |       |       ||     8
  Evoke: Wand              |       |       |     1 |     1 |     1 |     2 |       ||     5
    Use: Scroll            |       |       |    11 |     7 |    14 |    10 |    10 ||    52
         Potion            |       |       |     4 |     3 |     5 |     7 |     8 ||    27
   Stab: Paralysed         |       |       |     1 |       |       |       |       ||     1
         Sleeping          |       |       |       |     1 |     1 |     3 |     4 ||     9
         Petrified         |       |       |       |       |     1 |     2 |       ||     3
         Distracted        |       |       |       |       |       |     1 |     4 ||     5
         Invisible         |       |       |       |       |       |     1 |       ||     1
 Armour: Robe              |    23 |       |       |       |       |       |       ||    23
         Ring mail         |       |    11 |     3 |       |   112 |   775 |   661 ||  1562
         Leather armour    |       |       |   157 |   120 |       |       |       ||   277
         Skin              |       |       |       |     7 |       |       |       ||     7
         Chain mail        |       |       |       |     2 |       |       |       ||     2
         Troll leather arm |       |       |       |    97 |   526 |       |       ||   623
  Dodge: Dodged            |    16 |     4 |   106 |   138 |   308 |   366 |   316 ||  1254
  Block: Kite shield       |       |       |       |   232 |   698 |   804 |   687 ||  2421
         Reflection        |       |       |       |       |       |    48 |    81 ||   129
         Form:             |       |       |       |       |       |     1 |       ||     1
         Statue            |       |       |       |       |       |     1 |       ||     1

Table legend: (Time is in decaauts)
 A = Elapsed time spent in this place.
 B = Non-inter-level travel time spent in this place.
 C = Inter-level travel time spent in this place.
 D = Time resting spent in this place.
 E = Time spent auto-exploring this place.
 F = Levels seen in this place.
 G = Mean time per level.
                   A        B        C        D        E       F      G
               +--------+--------+--------+--------+--------+-----+--------+
         Total |  84046 |  77969 |   6077 |   5973 |  60551 |  37 | 2271.5 |
       Dungeon |  33526 |  30748 |   2778 |   3090 |  24025 |  15 | 2235.1 |
        Temple |    114 |     12 |    102 |      0 |     10 |   1 |  114.0 |
          Lair |  12502 |  11252 |   1250 |     30 |   9997 |   5 | 2500.4 |
         Swamp |   9568 |   9211 |    357 |    622 |   7348 |   4 | 2392.0 |
     Snake Pit |   9927 |   9326 |    601 |    553 |   7027 |   4 | 2481.8 |
  Orcish Mines |   4726 |   4351 |    375 |    107 |   3366 |   2 | 2363.0 |
   Elven Halls |   9171 |   8662 |    509 |    275 |   6632 |   3 | 3057.0 |
        Depths |   2888 |   2786 |    102 |    900 |   1383 |   2 | 1444.0 |
        Bailey |   1621 |   1621 |      0 |    396 |    760 |   1 | 1621.0 |
               +--------+--------+--------+--------+--------+-----+--------+

Top non-repeatable levels by time:
   Elf:3: 4588 daAuts
    D:15: 4249 daAuts
    D:13: 3202 daAuts
    D:12: 3071 daAuts
   Orc:2: 3070 daAuts
    D:11: 3058 daAuts
 Snake:3: 3048 daAuts
 Snake:4: 2865 daAuts
  Lair:5: 2828 daAuts
     D:6: 2816 daAuts
Depths:1: 2784 daAuts
 Swamp:4: 2753 daAuts
  Lair:3: 2731 daAuts
  Lair:2: 2714 daAuts
 Swamp:1: 2448 daAuts
